Cogmind - Beta 14 @@@ ROGUE MODE // 2024.10.18 @ 18:38:20 Player: Cmdr.Laserstrahl Result: Destroyed by YI-UF0 with YI-UF0's Doublenader Performance ------------- Evolutions (1) 500 Regions Visited (4) 800 Robots Destroyed (55) 275 Value Destroyed (1223) 1223 Prototype IDs (6) 120 Alien Tech Used (0) 0 Bonus (116) 116 TOTAL SCORE: 3034 Bonus ------- High Alert Combat Kills 49 Follower Combat Kills 67 Cogmind --------- Core Integrity 0/400 Matter 293/300 Energy 265/265 System Corruption 12% Temperature Cool (0) Movement Rolling (150) Ox4 Location -9/Mines Parts ------- > --- POWER (1) -------- Improved Ion Engine > --- PROPULSION (3) --- Improved Treads Armored Wheel > --- UTILITY (3) ------ High-capacity Storage Unit Signal Interpreter > --- WEAPON (2) ------- Improved Medium Laser Improved Assault Rifle > --- INVENTORY (20) --- Improved Treads Improved Flight Unit Improved Flight Unit Improved Flight Unit Improved Heat Sink Cooling System Medium Storage Unit Large Battery (200) High-capacity Matter Pod (200) Machine Analyzer Targeting Computer ECM Suite Light Armor Plating Improved EM Shotgun Improved Medium Laser Improved Medium Laser Improved Assault Rifle Improved Light Cannon Rocket Launcher Heavy Hammer Peak State ------------ > --- POWER ------------ Improved Ion Engine > --- PROPULSION ------- Improved Treads Compact Wheel Armored Wheel > --- UTILITY ---------- High-capacity Storage Unit Sensor Array Signal Interpreter > --- WEAPON ----------- Improved Medium Laser Improved Assault Rifle > --- INVENTORY -------- Improved Treads Improved Flight Unit Improved Flight Unit Improved Flight Unit Improved Heat Sink Cooling System Medium Storage Unit Large Battery High-capacity Matter Pod Machine Analyzer Targeting Computer ECM Suite Improved EM Shotgun Improved Medium Laser Improved Medium Laser Improved Assault Rifle Improved Light Cannon Rocket Launcher Heavy Hammer Heavy Hammer [Rating: 20] Favorites ----------- Power Ion Engine Engine Ion Engine Propulsion Wheel Treads Improved Treads Wheel Wheel Flight Unit Improved Flight Unit Utility High-capacity Storage Unit Device Sensor Array Storage High-capacity Storage Unit Processor Signal Interpreter Protection Medium Armor Plating Weapon Heavy Hammer Energy Gun EM Pulse Gun Ballistic Gun Improved Assault Rifle Impact Weapon Heavy Hammer Build | -11 -10 -10 -9 -9 ------- Run | Yrd Mat Min Mat Min Slots Evolved 2 | . . . 2 . Power . | . . . . . Propulsion 1 | . . . 1 . Utility 1 | . . . 1 . Weapon . | . . . . . Parts Attached 63 | 8 11 1 42 1 Power 7 | 1 2 . 4 . Engine 7 | 1 2 . 4 . Core . | . . . . . Reactor . | . . . . . Propulsion 23 | 3 3 . 17 . Treads 1 | . . . 1 . Leg . | . . . . . Wheel 21 | 3 3 . 15 . Hover . | . . . . . Flight 1 | . . . 1 . Utility 16 | 2 3 1 10 . Device 6 | 1 1 1 3 . Storage 3 | 1 2 . . . Processor 1 | . . . 1 . Hackware . | . . . . . Protection 6 | . . . 6 . Artifact . | . . . . . Weapon 17 | 2 3 . 11 1 Energy Gun 7 | 2 2 . 3 . Energy Cannon . | . . . . . Ballistic Gun 4 | . 1 . 2 1 Ballistic Cannon . | . . . . . Launcher . | . . . . . Special Weapon . | . . . . . Impact Weapon 6 | . . . 6 . Slashing Weapon . | . . . . . Piercing Weapon . | . . . . . Special Melee Weapon . | . . . . . Unidentified Prototypes 3 | . . . 3 . Corrupted Parts 1 | 1 . . . . System Corruption 1 | 1 . . . . Parts Lost 17 | . 2 . 13 2 Power 2 | . . . 2 . Propulsion 8 | . 1 . 6 1 Utility 6 | . . . 5 1 Weapon 1 | . 1 . . . Highest Loss Streak 5 | . 2 . 5 2 To Critical Strikes . | . . . . . Average Slot Usage (%) 97 | . 99 100 96 99 Engine 11 | . 14 14 10 11 Treads 2 | . . . 1 11 Wheel 28 | . 28 28 29 22 Device 8 | . 14 14 5 10 Storage 11 | . 14 14 11 11 Processor 3 | . . . 4 11 Protection 7 | . . . 10 . Energy Gun 9 | . 25 28 4 11 Ballistic Gun 1 | . 2 . 1 6 Impact Weapon 11 | . . . 16 4 Peak Build Rating 20 | 7 12 12 20 20 Average Rating 14 | 5 8 10 16 19 On Entrance 9 | . 7 12 10 19 Naked Turns . | . . . . . Heaviest Build 65 | 13 51 51 65 54 Greatest Support 44 | 26 26 26 44 28 Greatest Overweight (x) 6 | . 1 1 6 1 Average Overweight (x) . | . . 1 1 1 Largest Inventory Capacity 20 | 8 20 20 20 20 Average Capacity 17 | 7 10 20 20 20 Most Carried 20 | 5 17 17 20 20 Average Carried 16 | 3 9 17 18 20 Final Capacity 20 | 8 20 20 20 20 Final Carried 20 | 5 17 17 20 20 Class Distribution -------------------- 51% | Mutant 48% | Scavenger-Mutant Dominant Class ---------------- Mutant | -10/Materials Scavenger-Mutant | -10/Mines Scavenger-Mutant | -9/Materials Mutant | -9/Mines Resources | -11 -10 -10 -9 -9 ----------- Run | Yrd Mat Min Mat Min Matter Collected 1349 | 280 370 10 675 14 Remotely . | . . . . . Salvage Created 2149 | 161 381 . 1607 . Parts 96 | 9 27 . 60 . Haulers Intercepted 5 | . 2 . 3 . Recyclers Shooed . | . . . . . Parts Field Recycled . | . . . . . Retrieved Matter . | . . . . . Parts Self-Destructed . | . . . . . Prevented . | . . . . . Kills | -11 -10 -10 -9 -9 ------- Run | Yrd Mat Min Mat Min Combat Hostiles Destroyed 29 | . 2 . 27 . Melee 6 | . . . 6 . Guns 7 | . 2 . 5 . Cannons 1 | . . . 1 . AOE 5 | . . . 5 . Classes Destroyed 11 | 2 5 . 4 . Worker 4 | . 3 . 1 . Tunneler 3 | 3 . . . . Hauler 5 | . 2 . 3 . Recycler 7 | 1 1 . 5 . Mechanic 3 | . 1 . 2 . Watcher 4 | . 1 . 3 . Swarmer 3 | . . . 3 . Grunt 17 | . 2 . 15 . Brawler 2 | . . . 2 . Duelist 1 | . . . 1 . Sentry 6 | . . . 6 . Best Kill Streak 5 | 4 2 . 5 . Combat Bots Only 5 | . 1 . 5 . Max Kills in Single Turn 5 | 1 1 . 5 . Gunslinging . | . . . . . Exploded 5 | . . . 5 . Melee 1 | . . . 1 . Uniques/NPCs Destroyed . | . . . . . Combat | -11 -10 -10 -9 -9 -------- Run | Yrd Mat Min Mat Min Hostile Shots Fired 244 | . 36 . 196 12 Missed 81 | . 12 . 67 2 Damage Taken 2463 | . 317 . 1798 348 Core 469 | . 49 . 327 93 Absorbed by Shields . | . . . . . Core Remaining (%) 90 | 100 . 80 . . Volleys Fired 63 | 6 39 . 16 2 Largest 2 | 2 2 . 2 2 Hottest 105 | 80 105 . 79 79 Shots Fired 107 | 12 64 . 27 4 Gun 107 | 12 64 . 27 4 Cannon . | . . . . . Launcher . | . . . . . Special . | . . . . . Kinetic 39 | . 22 . 15 2 Thermal 23 | . 9 . 12 2 Explosive . | . . . . . Electromagnetic 45 | 12 33 . . . Robot Hit Streak 8 | 4 8 . 6 5 Robot Miss Streak 3 | 2 3 . 2 1 Penetration Max . | . . . . . Secondary Targets 1 | . 1 . . . Max Gunslinging Chain 1 | . 1 . . . Shots Hit Robots 139 | 6 40 . 90 3 Core Hits 47 | 4 14 . 29 . Critical Kills . | . . . . . Critical Parts Destroyed 13 | . . . 13 . Critical Strikes 14 | . . . 14 . Smash 14 | . . . 14 . Melee Attacks 111 | . . . 111 . Impact 111 | . . . 111 . Slashing . | . . . . . Piercing . | . . . . . Sneak Attacks 10 | . . . 10 . Combat Hostiles . | . . . . . Follow-up Attacks 11 | . . . 11 . Damage Inflicted 4664 | 93 537 . 3982 52 Guns 897 | 93 507 . 245 52 Cannons . | . . . . . Explosions 683 | . 30 . 653 . Melee 3084 | . . . 3084 . Ramming . | . . . . . Kinetic 261 | . 104 . 140 17 Thermal 251 | . 111 . 105 35 Explosive 653 | . . . 653 . Electromagnetic 415 | 93 322 . . . Impact 3084 | . . . 3084 . Slashing . | . . . . . Piercing . | . . . . . Highest Corruption 12 | 1 1 1 12 12 Average Corruption 8 | 1 1 1 11 12 Corruption Purged . | . . . . . Corruption Blocked . | . . . . . Effects 52 | . 3 . 42 7 Message Errors 12 | . . . 10 2 Matter Fused 10 | . . . 8 2 Heat Flow Errors 9 | . 1 . 8 . Energy Discharges 7 | . 1 . 5 1 Parts Rejected 2 | . . . 2 . Data Loss (minor) 5 | . . . 4 1 Data Loss (major) 3 | . 1 . 1 1 Misfires 2 | . . . 2 . Alerts 2 | . . . 2 . Overload Shots . | . . . . . Overflow Damage 1094 | . . . 1094 . Projectiles . | . . . . . Explosions 20 | . . . 20 . Melee 1074 | . . . 1074 . Knockbacks 12 | . . . 12 . Impact 11 | . . . 11 . Kinetic . | . . . . . Secondary 1 | . . . 1 . Self-Inflicted Damage 111 | . . . 111 . Shots 1 | . . . 1 . Rammed 1 | . 1 . . . Targets Rammed 1 | . 1 . . . Kicked . | . . . . . Crushed . | . . . . . Highest Temperature 266 | 72 266 . 264 30 Average Temperature 63 | 32 47 . 84 13 Received Heat Transfer 807 | . 183 . 606 18 Siege Activations . | . . . . . Robots Corrupted 14 | . . . 14 . Combat Hostiles 10 | . . . 10 . Parts Fried 14 | . 1 . 13 . Impact Corruptions 37 | . . . 37 . Robots Melted . | . . . . . Combat Hostiles . | . . . . . Parts Melted 1 | . 1 . . . Heat Transferred 522 | . 235 . 222 65 Parts Sabotaged . | . . . . . Parts Stolen . | . . . . . Parts Stripped . | . . . . . Power Chain Reactions 1 | . 1 . . . Alert | -11 -10 -10 -9 -9 ------- Run | Yrd Mat Min Mat Min Peak Influence 505 | 20 149 9 505 305 Initial 185 | . 13 9 3 185 Average 219 | 9 50 9 292 243 Maximum Alert Level 2 | . . . 2 1 Low Security (%) 47 | 100 100 100 26 41 Level 1 40 | . . . 54 58 Level 2 12 | . . . 19 . Level 3 . | . . . . . Level 4 . | . . . . . Level 5 . | . . . . . High Security . | . . . . . Max Security . | . . . . . Squads Dispatched 7 | . 2 . 4 1 Investigation 3 | . . . 3 . Extermination . | . . . . . Reinforcement 3 | . 2 . 1 . Assault 1 | . . . . 1 Garrison . | . . . . . Intercept . | . . . . . Searches Triggered . | . . . . . Construction Impeded . | . . . . . Haulers Reinforced . | . . . . . Active Scanning Responses . | . . . . . Cargo Convoy Interrupts . | . . . . . Stealth | -11 -10 -10 -9 -9 --------- Run | Yrd Mat Min Mat Min Distress Signals 2 | . 1 . 1 . Communications Jammed . | . . . . . Distress Signals . | . . . . . Times Spotted 56 | . 12 . 37 7 Peak Tracking Total 9 | . 6 . 9 5 Tactical Retreats 5 | . 2 . 2 1 Traps | -11 -10 -10 -9 -9 ------- Run | Yrd Mat Min Mat Min Traps Triggered 2 | . . . 2 . Indirectly . | . . . . . Trap Hack Attempts . | . . . . . Triggered . | . . . . . Disarmed . | . . . . . Reprogrammed . | . . . . . Reused . | . . . . . Traps Extracted . | . . . . . Installed . | . . . . . Triggered . | . . . . . Machines | -11 -10 -10 -9 -9 ---------- Run | Yrd Mat Min Mat Min Machines Disabled 2 | . . . 2 . Max in Single Turn 1 | . . . 1 . Machines Repaired . | . . . . . Machines Dismantled . | . . . . . Machines Sabotaged . | . . . . . Overloaded Fab Kills . | . . . . . Hacking | -11 -10 -10 -9 -9 --------- Run | Yrd Mat Min Mat Min Machines Accessed 16 | . 5 . 11 . Terminals 12 | . 4 . 8 . Fabricators . | . . . . . Repair Stations . | . . . . . Recycling Units 2 | . 1 . 1 . Scanalyzers 2 | . . . 2 . Garrison Access . | . . . . . Total Hacks 48 | . 14 . 34 . Successful 31 | . 8 . 23 . Failed 17 | . 6 . 11 . Catastrophic 4 | . . . 4 . Database Lockouts . | . . . . . Manual 29 | . 10 . 19 . Terminals 30 | . 12 . 18 . Fabricators . | . . . . . Repair Stations . | . . . . . Recycling Units 3 | . 2 . 1 . Scanalyzers 15 | . . . 15 . Garrison Access . | . . . . . Terminal Hacks 7 | . 3 . 4 . Robot Analysis 1 | . 1 . . . Prototype ID Bank 1 | . 1 . . . Terminal Index 1 | . . . 1 . Scanalyzer Index 1 | . . . 1 . Alert Level 1 | . . . 1 . Locate Traps 1 | . . . 1 . Maintenance Status 1 | . 1 . . . Fabricator Hacks . | . . . . . Repair Station Hacks . | . . . . . Recycling Unit Hacks 3 | . 2 . 1 . Report Inventory 2 | . 1 . 1 . Retrieve Components 1 | . 1 . . . Scanalyzer 11 | . . . 11 . Insert Component 6 | . . . 6 . Analyze 5 | . . . 5 . Garrison Access Hacks . | . . . . . Unauthorized Hacks 10 | . 3 . 7 . Terminals 9 | . 3 . 6 . Botnet 9 | . 3 . 6 . Fabricators . | . . . . . Repair Stations . | . . . . . Recycling Units . | . . . . . Scanalyzers 1 | . . . 1 . Extract 1 | . . . 1 . Garrison Access . | . . . . . Data Cores Recovered . | . . . . . Used . | . . . . . Hacking Detections 15 | . 5 . 10 . Full Trace Events 1 | . . . 1 . Feedback Events . | . . . . . Feedback Blocked . | . . . . . Robot Schematics Acquired . | . . . . . Robots Built . | . . . . . Authchips . | . . . . . Time . | . . . . . Total Robot Build Rating . | . . . . . Part Schematics Acquired 9 | . . . 9 . Parts Built . | . . . . . Authchips . | . . . . . Time . | . . . . . Total Part Build Rating . | . . . . . Parts Repaired . | . . . . . Time . | . . . . . Parts Recycled . | . . . . . Recycled Matter . | . . . . . Retrieved Matter . | . . . . . Retrieved Components 7 | . 7 . . . Parts Scanalyzed 5 | . . . 5 . Part Schematics Acquired 4 | . . . 4 . Parts Damaged 1 | . . . 1 . Bothacking | -11 -10 -10 -9 -9 ------------ Run | Yrd Mat Min Mat Min Used RIF Installer . | . . . . . Robots Hacked . | . . . . . Non-combat . | . . . . . Combat . | . . . . . Robot Hacks Applied . | . . . . . Relay Couplers Released . | . . . . . Fabnet Peak Effective % . | . . . . . Robots Rewired . | . . . . . Allies Hacked . | . . . . . Hacks Repelled . | . . . . . Allies | -11 -10 -10 -9 -9 -------- Run | Yrd Mat Min Mat Min Total Allies 1 | . . . . 1 Largest Group 1 | . . . . 1 Highest-Rated Group 31 | . . . . 31 Highest-Rated Ally 31 | . . . . 31 Total Orders . | . . . . . Ally Attacks 9 | . . . . 9 Total Damage 134 | . . . . 134 Kills 4 | . . . . 4 Allies Corrupted . | . . . . . Allies Melted . | . . . . . Intel | -11 -10 -10 -9 -9 ------- Run | Yrd Mat Min Mat Min Robot Analysis Total 1 | . 1 . . . Derelict Logs Recovered . | . . . . . Drone Launches . | . . . . . Drone Recoveries . | . . . . . Exploration | -11 -10 -10 -9 -9 ------------- Run | Yrd Mat Min Mat Min Turns Passed 2237 | 78 466 64 1420 209 Spaces Moved 1506 | 48 376 60 876 146 Core 8 | 8 . . . . Treads . | . . . . . Legs . | . . . . . Wheels 1498 | 40 376 60 876 146 Hover . | . . . . . Flight . | . . . . . Fastest Speed 50 | 50 80 105 95 110 Average Speed 100 | 83 85 105 106 110 Slowest Speed 170 | 90 105 105 170 110 Overloaded Moves . | . . . . . Propulsion Burnouts . | . . . . . Robots Hopped . | . . . . . Cave-ins Triggered . | . . . . . Exploration Rate (%) 36 | 4 66 22 65 26 Regions Visited 4 Branch Regions 2 Pre-discovered Areas . | . . . . . Known Exits Taken 1 | . . . 1 . Unknown Exits Taken 3 | 1 1 1 . . Scrap Searched . | . . . . . Spaces Dug 6 | . . . 6 . Terrain Destroyed 23 | . 3 . 20 . Melee 6 | . . . 6 . Projectile . | . . . . . AOE 17 | . 3 . 14 . Terrain Rammed . | . . . . . Walls Destroyed . | . . . . . Machines Disabled . | . . . . . Actions | -11 -10 -10 -9 -9 --------- Run | Yrd Mat Min Mat Min Total 1953 | 72 463 60 1168 190 Wait 143 | . 14 . 88 41 Move 1502 | 47 375 59 875 146 Hop . | . . . . . Pick Up 57 | 11 15 . 31 . Fast Attach 13 | 1 2 . 10 . Attach 21 | 6 1 . 14 . Detach 2 | . . . 2 . Swap 29 | 1 8 1 18 1 Drop 29 | . 8 . 21 . Fire 63 | 6 39 . 16 2 Melee 93 | . . . 93 . Ram 1 | . 1 . . . Kick . | . . . . . Crush . | . . . . . Escape Stasis . | . . . . . Rewire . | . . . . . Trap . | . . . . . Miscellaneous . | . . . . . Route ------- -11/Scrapyard -10/Materials (discovered 2 exits: *Mat / [*Min]) -10/Mines -9/Materials (discovered 4 exits: *Mat x2 / *Min / [*Sto]) -9/Mines History --------- Turn | Location | Event 18 | -11/Scrapyard | Discovered new exit (range 15) 79 | -11/Scrapyard | Entered Materials 244 | -10/Materials | Discovered new exit (range 6) 336 | -10/Materials | Build established: Mutant 427 | -10/Materials | Discovered new exit (range 5) 545 | -10/Materials | Entered Mines 595 | -10/Mines | Discovered new exit (range 13) 609 | -10/Mines | Entered Materials 609 | -9/Materials | Evolved 2 slots: Propulsion x1, Utility x1 666 | -9/Materials | Discovered new exit (range 15) 775 | -9/Materials | Build established: Scavenger-Mutant 862 | -9/Materials | System corruption reached 10% 918 | -9/Materials | Lost 5 parts (3n2u) 1130 | -9/Materials | Discovered new exit (range 15) 1209 | -9/Materials | Core integrity fell below 50% 1449 | -9/Materials | Discovered new exit (range 13) 1701 | -9/Materials | Discovered new exit (range 16) 1723 | -9/Materials | Identified exit to Materials 1917 | -9/Materials | Core integrity fell below 20% 2028 | -9/Materials | Identified exit to Mines 2029 | -9/Materials | Entered Mines 2070 | -9/Mines | Build established: Mutant 2090 | -9/Mines | Met a Derelict testing a Signal Generator 2238 | -9/Mines | Destroyed by YI-UF0 with YI-UF0's Doublenader Last Messages --------------- 02124_ I-25 Savior unfolds itself. 02132_ G-34 Mercenary suffers critical hit (Burn). 02132_ G-34 Mercenary destroyed. 02134_ |8W Q/GRC5CNXNFZT1H9ILT:UDLVD,Z5 Q8 02140_ ALERT: Intercepting significant anomalous signal. Redirecting assault force. 02144_ OK-MQP(g): "Looks like the friends we called actually did show up to play. Couldn't you guys just take that other tunnel?" 02144_ G-47 Trooper destroyed. 02189_ The unstable cave ceiling collapses. 02191_ System corrupted: Energy discharge (-103). 02191_ OK-MQP(g) destroyed. 02208_ GUXHFRUXSL/ |2CWYPJVHLPHX> 02229_ Sensor Array destroyed. 02233_ System corrupted: Matter fused (-5). 02234_ The unstable cave ceiling collapses. 02238_ Com. Wheel destroyed. Map ----- +----------------------------------------------------+ | ??##### ##????????????### #????????????????? | | ?## ##??????????## #????????????????? | | ?# ##?????????# ##???????????????? | | ?# ####??????# ##??????????????? | | ??# #??????# #??????????????? | | ??###### ### #??????## #??????????????? | | ???????## ##?# #???????## """ #??????????????? | | ????????# #??# #????????# """ #??????????????? | | ?######## #??# #???????## """ #??????????????? | | ?# #??# #?????### #??????????????? | | ?# """ #??# #?????# ##??????????????? | | ?# """ #??# #?????# ##???????????????? | | ?# """ #??# #?????#t######????????????????? | | ?# #??# #?????#k#?????????????????????? | | ?# #??# #######u#?????????????????????? | | ?### ######??# =r#???##????????????????? | | ???# #####???#########=#??? ?????????????????? | | ???# #??######?###%##? #?????????????????? | | ???#### #?## ### * ## #?????????????????? | | ??????# ### [ #?????????????????? | | ??????# ## #?????????????????? | | ??????# [% #?????????????????? | | ??????# % ###????????????????? | | ??????# # ## ##???????????? | | ??????# # #???????????? | | ??????## ## @ #??????????????????? | | ???????######### g #???????????? | | ???????????? [ ????????? | | ???????????# # ?????????? | | ?????????????# # # # ?????????? | | ?????????????### ### # ??????????? | | ???????????????# ###?? ##?? ??????????? | | ???????????????# ?????# ##?????#??????????? | | ??????????????? ??????# ##?????????????????? | | ?????????????? ????????###??????????????????? | | ????????????? ?????????????????????????????? | | ????????????? ??????????????????????????????? | | ???????????? ??????????????????????????????? | | ????????????? ???????????????????????????????? | | ?????????????????????????????????????????????? | | ?????????????????????????????????????????????? | | ?????????????????????????????????????????????? | | ?????????????????????????????????????????????? | | ?????????????????????????????????????????????? | | ?????????????????????????????????????????????? | | ?????????????????????????????????????????????? | | ?????????????????????????????????????????????? | | ?????????????????????????????????????????????? | | ?????????????????????????????????????????????? | | ?????????????????????????????????????????????? | +----------------------------------------------------+ Best States ------------- Heat Dissipation 42 Energy Generation 12 Energy Capacity 265 Matter Stores 300 Matter Capacity 300 Sight Range 16 Robot Scan Range 14 Terrain Scan Density 10 Armor Coverage 450 Evasion (%) 50 Item Schematics ----------------- Tractor Beam | -9/Materials | Extracted Com. Wheel | -9/Materials | Extracted Salvage Targeting Computer | -9/Materials | Extracted Hvy. EM Pulse Gun | -9/Materials | Extracted Hammer | -9/Materials | Extracted Imp. Flight Unit | -9/Materials | Scanalyzed ECM Suite | -9/Materials | Scanalyzed Rocket Launcher | -9/Materials | Scanalyzed Machine Analyzer | -9/Materials | Scanalyzed Robot Schematics ------------------ None Fabricated ------------ Nothing Alien Tech Used ----------------- None Achievements -------------- None Challenges ------------ None Game ------ Seed ImprovedLargeStorage Manual? 0 Play Time 00:59:52 Cumulative 353.3 hours Start 2024.10.17 @ 13:40:36 End 2024.10.18 @ 18:38:20 Sessions 3 Manual Loads 0 Difficulty Rogue Special Mode None Game No. 140 Rogue 137 Adventurer 3 Explorer 0 Win Type - Total 0 Types 0/0/0/0/0/0/0/0/0 Lore% 25 Gallery% 54 Achievement% 41 Wizard Run 0 Options --------- Layout 2 ASCII 0 Keyboard 0 Movement Mouse Keybinds 0 Fullscreen 1 Font 24/Smallcaps Map View 50x44 Zoom Use 0% Tactical HUD 1 Map Filters NONE Filters NONE Steam 1 RUN: 2541fb1d-42d5-406e-94c2-6dfcc21244b8